 Dungeon Crawl Stone Soup version 0.24-a0-584-g9d6b971ae4 (webtiles) character file.

Game seed: 15326745811130152764, levelgen mode: deterministic

347 E1999 the Chopper (level 6, -3/51 HPs)
             Began as a Hill Orc Fighter on Sept 3, 2019.
             Was a Follower of Qazlal.
             Slain by a gnoll
             ... wielding a +0 spear
              (8 damage)
             ... on level 3 of the Dungeon.
             The game lasted 00:17:43 (2593 turns).

E1999 the Chopper (Hill Orc Fighter)                Turns: 2593, Time: 00:17:44

Health: -3/51      AC:  3    Str: 25    XL:     6   Next: 59%
Magic:  6/6        EV: 12    Int:  8    God:    Qazlal [*.....]
Gold:   108        SH:  8    Dex: 11    Spells: 5/5 levels left

rFire    . . .     SeeInvis .   i - +2 dagger (venom)
rCold    . . .     Gourm    .   r - +0 buckler
rNeg     . . .     Faith    .   o - +0 leather armour
rPois    .         Spirit   .   (no helmet)
rElec    .         Reflect  +   (no cloak)
rCorr    .         Harm     .   (no gloves)
MR       +....                  (no boots)
Stlth    +.........             e - +2 amulet of reflection
HPRegen  0.17/turn              k - ring of protection from magic
MPRegen  0.10/turn              (no ring)

@: mighty, about to teleport
A: no striking features
a: Renounce Religion


You were on level 3 of the Dungeon.
You worshipped Qazlal.
Qazlal was aware of your devotion.
You were not hungry.

You visited 1 branch of the dungeon, and saw 3 of its levels.

You collected 108 gold pieces.

Inventory:

Hand Weapons
 a - a +0 war axe
 i - a +2 dagger of venom (weapon)
 p - a +0 whip of holy wrath
Missiles
 j - 17 javelins (quivered)
Armour
 o - a +0 leather armour (worn)
 r - a +0 buckler (worn)
Jewellery
 e - a +2 amulet of reflection (around neck)
 k - a ring of protection from magic (left hand)
 v - a cursed ring of teleportation {unknown}
Wands
 u - a wand of flame (11)
Scrolls
 b - a scroll of amnesia {unknown}
 c - a scroll of noise {unknown}
 h - 4 scrolls of identify
 l - 3 scrolls of teleportation
 s - 2 scrolls of enchant weapon {unknown}
Potions
 m - 2 potions of heal wounds {unknown}
 n - a potion of ambrosia
 t - a potion of agility {unknown}
Comestibles
 d - 3 chunks of flesh {@w1}
 f - 8 rations


   Skills:
 - Level 3.6 Fighting
 * Level 3.3 Short Blades
 - Level 5.8 Axes
 - Level 3.2 Armour
 + Level 2.8 Dodging
 - Level 0.1 Stealth
 - Level 3.2 Shields


You had 5 spell levels left.
You didn't know any spells.
Your spell library was empty.

Dungeon Overview and Level Annotations

Branches:
Dungeon (3/15)

Altars:
Cheibriados
Dithmenos
Okawaru
Qazlal
Ru
Sif Muna
Trog
Uskayaw
Vehumet


Message History

The gnoll is almost dead.
You block the gnoll's attack. The gnoll hits you with a +0 whip.
* * * LOW HITPOINT WARNING * * *
The gnoll hits you from afar with a +0 halberd!
* * * LOW HITPOINT WARNING * * *
The giant cockroach barely misses you.
As you read the scroll of teleportation, it crumbles to dust.
You feel strangely unstable.
You kill the gnoll!
Qazlal accepts your kill. You block the gnoll's attack.
The giant cockroach barely misses you.
The gnoll hits you from afar with a +0 halberd.
* * * LOW HITPOINT WARNING * * *
Number of times to repeat, then command key: You must enter the number of times for the command to repeat.
You puncture the giant cockroach!
You kill the giant cockroach!
Qazlal accepts your kill.
The gnoll hits you from afar with a +0 spear!
You die...

..# ..# #. ... . #.# .##
#.# .#..# #.# ..#.# ####
#.# #.#.# .... #†# #.#.#
#### #@# #.#.# ....
...###g## #.#†# #####
......gg.######.#.######
.....
......gggg........).....
≈≈≈≈≈
≈≈≈≈≈≈.g..≈≈≈≈≈≈≈≈≈≈≈≈≈≈
≈≈≈≈≈
≈≈≈≈≈≈....≈≈≈≈≈≈≈≈≈≈≈≈≈≈
###≈≈
≈≈≈≈≈≈....≈≈≈≈≈≈≈≈≈≈≈≈##
g.#
......................#g
.#
######''''#############.


You could see 8 gnolls.

Vanquished Creatures
  A crimson imp (D:2)
  An orc priest (D:3)
  A gnoll shaman (D:3)
  Terence (D:2)
  5 gnolls
  7 adders
  An ooze (D:2)
  3 worms
  3 leopard geckos
  5 orcs (D:3)
  5 giant cockroaches
  5 hobgoblins
  17 jackals
  A quokka (D:2)
  3 ball pythons (D:3)
  18 bats
  7 frilled lizards
  4 goblins
  11 kobolds
  11 rats
110 creatures vanquished.

Notes
Turn   | Place    | Note
-------+----------+-------------------------------------------
     0 | D:1      | E1999 the Hill Orc Fighter began the quest for the Orb.
     0 | D:1      | Reached XP level 1. HP: 19/19 MP: 1/1
   203 | D:1      | Reached skill level 3 in Axes
   260 | D:1      | Reached XP level 2. HP: 26/26 MP: 2/2
   460 | D:1      | Reached skill level 4 in Axes
   523 | D:1      | Reached XP level 3. HP: 24/31 MP: 3/3
   950 | D:2      | Reached skill level 5 in Axes
   950 | D:2      | Reached skill level 1 in Dodging
   950 | D:2      | Reached XP level 4. HP: 20/39 MP: 4/4
  1535 | D:2      | Reached XP level 5. HP: 30/45 MP: 5/5
  1582 | D:2      | Noticed Terence
  1595 | D:2      | Killed Terence
  1595 | D:2      | Reached skill level 1 in Short Blades
  2021 | D:3      | Reached skill level 2 in Dodging
  2024 | D:3      | Found a radiant altar of Vehumet.
  2030 | D:3      | Found a snail-covered altar of Cheibriados.
  2031 | D:3      | Found a shimmering blue altar of Sif Muna.
  2031 | D:3      | Found a stormy altar of Qazlal.
  2031 | D:3      | Found an iron altar of Okawaru.
  2031 | D:3      | Found a shadowy altar of Dithmenos.
  2033 | D:3      | Found a bloodstained altar of Trog.
  2038 | D:3      | Found a sacrificial altar of Ru.
  2039 | D:3      | Found a hide-covered altar of Uskayaw.
  2050 | D:3      | Became a worshipper of Qazlal Stormbringer
  2090 | D:3      | Reached skill level 2 in Short Blades
  2182 | D:3      | Reached XP level 6. HP: 32/51 MP: 6/6
  2458 | D:3      | Reached * piety under Qazlal
  2588 | D:3      | Reached skill level 3 in Short Blades
  2592 | D:3      | HP: 5/51 [gnoll/+0 halberd (5)]
  2593 | D:3      | Slain by a gnoll

Levels and vault maps discovered:
D:1:      dpeg_arrival_round_b, layout_rooms, serial_forest,
          infiniplex_forest_clump_medium, infiniplex_forest_clump_diagonal,
          infiniplex_forest_end_1, infiniplex_forest_straight_2,
          infiniplex_forest_straight_4
D:2:      layout_rooms, minmay_pentomino_p2, uniq_terence
D:3:      lemuel_castle_with_subvaults [lemuel_castle_interior_original],
          layout_loops_ring, minitemple, saegor_snake_ambush

Skill      XL: |  1  2  3  4  5  6 |
---------------+-------------------+-----
Axes           | 3 4 5 |  5.8
Dodging        | 1 2 |  2.8
Short Blades   | 2 3 |  3.3
Fighting       | |  3.6
Armour         | |  3.2
Stealth        | |  0.1
Shields        | |  3.2

Action                   |  1- 3 |  4- 6 || total
-------------------------+-------+-------++-------
Melee: War axe           |   125 |    64 ||   189
       Dagger            |       |   202 ||   202
  Use: Scroll            |       |     3 ||     3
       Potion            |       |     4 ||     4
  Eat: Chunk             |       |     6 ||     6
Armor: Scale mail        |    64 |       ||    64
       Leather armour    |    10 |    57 ||    67
Dodge: Dodged            |    79 |   173 ||   252
Block: Shield            |    11 |       ||    11
       Other             |     7 |     5 ||    12
       Buckler           |       |    70 ||    70
       Reflection        |       |     1 ||     1

Table legend:
 A = Non-vault XP
 B = Vault XP
 C = Vault XP percentage of total XP
 D = Non-vault monster count
 E = Vault monster count
 F = Vault count percentage of total count
                 A         B        C        D         E       F
            +---------+---------+-------+---------+---------+-------
      Total |     306 |     190 |  38.3 |      85 |      25 |  22.7
            +---------+---------+-------+---------+---------+-------
        D:1 |      47 |       0 |   0.0 |      26 |       0 |   0.0
        D:2 |     132 |      34 |  20.5 |      31 |       2 |   6.1
        D:3 |     127 |     156 |  55.1 |      28 |      23 |  45.1
            +---------+---------+-------+---------+---------+-------
